 Dungeon Crawl Stone Soup version 0.31.0-11-ge490571c62 (webtiles) character file.

Game seed: 6804667025290317592

210 cdecastro the Ruffian (level 5, -9/40 HPs)
             Began as a Draconian Shapeshifter on Jan 30, 2024.
             Was an Initiate of Ru.
             Mangled by a gnoll sergeant
             ... wielding a +5 vampiric trident
              (16 damage)
             ... on level 2 of the Dungeon on Jan 31, 2024.
             The game lasted 00:03:38 (2231 turns).

cdecastro the Ruffian (Draconian Shapeshifter)      Turns: 2231, Time: 00:03:38

Health: -9/40      AC:  5    Str: 16    XL:     5   Next: 56%
Magic:  5/5        EV: 12    Int: 11    God:    Ru [......]
Gold:   109        SH:  0    Dex: 12    Spells: 4/4 levels left

rFire   . .          .
                       - Unarmed
rCold   . . .        (no shield)
rNeg    . . .        (body armour unavailable)
rPois   .            (helmet currently unavailable)
rElec   .            (cloak currently unavailable)
rCorr   .            (gloves currently unavailable)
SInv    .            (boots currently unavailable)
Will    .....        (no amulet)
Stlth   +            d - ring of wizardry
HPRegen 0.26/turn    (no ring)
MPRegen 0.09/turn

%: wizardry (x1)
@: beast-form
A: beast (slay +2), AC +5, unfitting armour, cold-blooded
a: Begin Untransformation, Renounce Religion


You were on level 2 of the Dungeon.
You worshipped Ru.
Ru was noncommittal.
You were a hulking beast.
You visited 1 branch of the dungeon, and saw 3 of its levels.

You collected 109 gold pieces.

Inventory:

Magical Staves
 j - a staff of alchemy
Jewellery
 d - a ring of wizardry (left hand)
 o - an amulet of faith
Talismans
 b - a beast talisman
 c - a flux talisman
Scrolls
 g - 2 scrolls of teleportation {unknown}
 i - a scroll of butterflies {unknown}
 k - a scroll of revelation {unknown}
 l - 3 scrolls of identify {unknown}
Potions
 a - a potion of lignification
 e - a potion of mutation {unknown}
 f - 3 potions of degeneration {unknown}
 h - 2 potions of curing {unknown}
 m - a potion of might {unknown}
 n - a potion of invisibility {unknown}


   Skills:
 - Level 1.1 Fighting
 - Level 1.7 Dodging
 * Level 5.4 Unarmed Combat
 + Level 4.1 Shapeshifting


You had 4 spell levels left.
You didn't know any spells.
Your spell library was empty.

Dungeon Overview and Level Annotations

Branches:
Dungeon (3/15)

Altars:
Ru
The Shining One

Shops:
D:3 (


Innate Abilities, Weirdness & Mutations

You are a hulking beast.
Your limbs bulge with bestial killing power. (Slay +2)
Your plain brown scales are hard. (AC +5)
You cannot fit into any form of body armour.
You are cold-blooded and may be slowed by cold attacks.


Message History

The gnoll attacks as it pursues you! The gnoll barely misses you.
A gnoll comes into view. It is wielding a +0 spear.
The gnoll sergeant shouts!
You see here a +0 long sword.
The gnoll sergeant attacks as it pursues you!
The gnoll sergeant hits you from afar with a +5 vampiric trident.
* * * LOW HITPOINT WARNING * * *
The gnoll sergeant attacks as it pursues you!
The gnoll sergeant hits you from afar with a +5 vampiric trident!
* * * LOW HITPOINT WARNING * * *
There is a stone staircase leading up here.
The gnoll sergeant misses you.
You climb upwards.
There is a stone staircase leading down here.
You start resting.
HP restored.
You climb downwards.
There is a stone staircase leading up here.
Unknown command.
The gnoll sergeant hits you with a +5 vampiric trident.
There is a stone staircase leading up here.
The gnoll sergeant hits you with a +5 vampiric trident!
You climb upwards.
There is a stone staircase leading down here.
Unknown command.
You barely miss the gnoll sergeant. You tail-slap the gnoll sergeant.
The gnoll sergeant is lightly wounded.
The gnoll sergeant hits you with a +5 vampiric trident!
* * * LOW HITPOINT WARNING * * *
You hit the gnoll sergeant but do no damage.
Your tail-slap misses the gnoll sergeant.
The gnoll sergeant is lightly wounded.
The gnoll sergeant hits you with a +5 vampiric trident!
* * * LOW HITPOINT WARNING * * *
The gnoll sergeant draws strength from your wounds!
You hit the gnoll sergeant but do no damage.
You tail-slap the gnoll sergeant.
The gnoll sergeant is lightly wounded.
The gnoll sergeant hits you with a +5 vampiric trident!
You die...

#.# #.# #.# #.#
#.# #.# #.# #.#
########## #.###
#.# #........#
#...# #)#
#.######.## ###.#
#.# #.#
#...####### #.#
#.####.#
#.........## #.#
#....gh#
#...###..... #
#.# ########
#...###.#.## #
#.# #.<.....#.##
# #.#
#...#####.## #
#.# ##.## #.## #
#.# #.# #... #
####.# #.# #..# #
#....# #.# #.)# #
#)####
#######.######..#


You could see a gnoll sergeant.

Vanquished Creatures
  Jessica (D:3)
  2 orc wizards
  Robin (D:2)
  A gnoll (D:3)
  4 adders
  A ribbon worm (D:2)
  A dart slug (D:2)
  6 orcs
  6 endoplasms
  2 giant cockroaches
  7 hobgoblins
  5 jackals (D:3)
  2 quokkas (D:2)
  5 ball pythons
  9 bats
  A frilled lizard (D:1)
  7 goblins
  2 kobolds
  5 rats
68 creatures vanquished.

Notes
Turn   | Place    | Note
-------+----------+-------------------------------------------
     0 | D:1      | cdecastro the Draconian Shapeshifter began the quest for
                  | the Orb.
     0 | D:1      | Reached XP level 1. HP: 16/16 MP: 1/1
   166 | D:1      | Reached XP level 2. HP: 23/23 MP: 2/2
   702 | D:1      | Found a faded altar of an unknown god.
   752 | D:1      | Prayed at the altar of an unknown god.
   752 | D:1      | Became a worshipper of the Shining One
   752 | D:1      | Reached * piety under the Shining One
   958 | D:2      | Noticed Robin
   965 | D:2      | Reached skill level 4 in Unarmed Combat
   965 | D:2      | Reached XP level 3. HP: 28/28 MP: 3/3
   975 | D:2      | Killed Robin
  1066 | D:2      | Reached XP level 4. HP: 35/35 MP: 4/4
  1557 | D:3      | Found a sacrificial altar of Ru.
  1635 | D:3      | Fell from the grace of the Shining One
  1635 | D:3      | Became a worshipper of Ru the Awakened
  1676 | D:3      | Noticed Jessica
  1683 | D:3      | Killed Jessica
  1684 | D:3      | Reached skill level 5 in Unarmed Combat
  1684 | D:3      | Reached XP level 5. HP: 40/40 MP: 5/5
  1799 | D:3      | Found Dag Vydi's Antique Weapon Shop.
  2231 | D:2      | Mangled by a gnoll sergeant

Illustrated notes

Levels and vault maps discovered:
D:1:      wander_arrival_desolate, layout_basic,
          dilly_ecumenical_altar_fadedgnrine
D:2:      layout_loops_ring, uniq_robin
D:3:      layout_loops_ring, mainiacjoe_overflow_chevrons, serial_rivers,
          chequers_serial_rivers_large_b, chequers_serial_rivers_marsh,
          chequers_serial_rivers_marsh, chequers_serial_rivers_small_b,
          serial_shops, shop, uniq_jessica

Skill      XL: |  1  2  3  4 |
---------------+-------------+-----
Unarmed Combat | 4 5 |  5.4
Shapeshifting  | 4 |  4.1
Fighting       | |  1.1
Dodging        | |  1.7

Action                     |  1- 3 |  4- 6 || total
---------------------------+-------+-------++-------
  Melee: Unarmed           |    83 |    89 ||   172
         Tailslap          |     7 |    10 ||    17
         Punch             |     2 |     2 ||     4
    Use: Potion            |     1 |       ||     1
 Armour: Skin              |    57 |    47 ||   104
  Dodge: Dodged            |    45 |    46 ||    91
